 Dungeon Crawl Stone Soup version 0.30-a0-176-gdd20fb75b6 (webtiles) character file.

Game seed: 8594561534155882009

119 Aibolit the Shooter (level 5, -6/40 HPs)
             Began as a Human Hunter on Oct 2, 2022.
             Mangled by Terence
             ... wielding a +0 falchion
              (8 damage)
             ... on level 3 of the Dungeon.
             The game lasted 00:03:09 (1347 turns).

Aibolit the Shooter (Human Hunter)                  Turns: 1347, Time: 00:03:10

Health: -6/40      AC:  3    Str: 11    XL:     5   Next: 23%
Magic:  5/5        EV: 12    Int: 10    God:
Gold:   118        SH:  0    Dex: 18    Spells: 4/4 levels left

rFire   . . .      SeeInvis .    a - +0 shortbow
rCold   . . .      Faith    .    (shield currently unavailable)
rNeg    . . .      Spirit   .    c - +0 leather armour
rPois   .          Reflect  .    (no helmet)
rElec   .          Harm     .    (no cloak)
rCorr   .          Rampage  .    (no gloves)
Will    .....                    (no boots)
Stlth   ++........               (no amulet)
HPRegen 0.26/turn                (no ring)
MPRegen 0.09/turn                (no ring)

@: no status effects
A: no striking features
a: no special abilities


You were on level 3 of the Dungeon.
You visited 1 branch of the dungeon, and saw 4 of its levels.

You collected 118 gold pieces.

Inventory:

Hand Weapons
 a - a +0 shortbow (weapon)
Armour
 c - a +0 leather armour (worn)
Scrolls
 b - a scroll of immolation
 h - a scroll of magic mapping
Potions
 e - a potion of might {unknown}
 f - a potion of brilliance {unknown}
 j - a potion of flight {unknown}
 k - 2 potions of curing {unknown}


   Skills:
 + Level 2.9 Fighting
 + Level 4.6 Ranged Weapons
 + Level 3.0 Dodging
 + Level 2.6 Stealth


You had 4 spell levels left.
You didn't know any spells.
Your spell library was empty.

Dungeon Overview and Level Annotations

Branches:
Dungeon (4/15)
 Temple: D:4-7

Altars:

Shops:
D:2 (

Annotations:
D:3 Terence


Message History

You hear a shout!
Terence closely misses you.
You hear a shout!
You shoot an arrow.
The arrow hits Terence but does no damage.
Terence bares his teeth.
Terence hits you with a +0 falchion.
A kobold comes into view.
It is wielding a +0 club and quivering poisoned darts.
Terence misses you.
You shoot an arrow. The arrow hits Terence.
Terence is lightly wounded.
Terence hits you with a +0 falchion.
You shoot an arrow.
The arrow hits Terence but does no damage.
Terence is lightly wounded.
Terence hits you but does no damage.
A kobold comes into view. It is wielding a +0 club.
You shoot an arrow. The arrow barely misses Terence.
Terence misses you. The kobold hits you but does no damage.
The kobold misses you. Terence hits you with a +0 falchion.
You shoot an arrow.
The arrow hits Terence but does no damage.
Terence is lightly wounded.
Terence hits you with a +0 falchion! The kobold hits you but does no damage.
You shoot an arrow.
The arrow hits Terence but does no damage.
Terence is lightly wounded.
Terence hits you with a +0 falchion!
* * * LOW HITPOINT WARNING * * *
The kobold hits you with a +0 club.
* * * LOW HITPOINT WARNING * * *
You shoot an arrow.
The arrow hits Terence but does no damage.
Terence is lightly wounded.
Terence closely misses you.
A hobgoblin comes into view.
The kobold hits you with a +0 club.
* * * LOW HITPOINT WARNING * * *
Terence hits you with a +0 falchion!
You die...

... .g .. .# .
.. .# ..
.#.###...
........ .
###....#
...####..@K..#
.........@K.#
..##..>.#.....#
#...##...###
#.#.. ...#
#..###......
#.. .......
...# .......
.... .......
... ...


You could see Terence, a hobgoblin (wandering) and 2 kobolds.

Vanquished Creatures
  A scorpion (D:4)
  A worm (D:2)
  2 ball pythons
  5 endoplasms
  A giant cockroach (D:1)
  10 goblins
  3 hobgoblins
  7 jackals
  A quokka (D:1)
  3 bats
  4 frilled lizards
  4 kobolds
  3 rats (D:1)
45 creatures vanquished.

Vanquished Creatures (others)
  2 fungi (D:1)
  3 plants (D:1)
5 creatures vanquished.

Grand Total: 50 creatures vanquished

Notes
Turn   | Place    | Note
-------+----------+-------------------------------------------
     0 | D:1      | Aibolit the Human Hunter began the quest for the Orb.
     0 | D:1      | Reached XP level 1. HP: 16/16 MP: 1/1
    69 | D:1      | Reached XP level 2. HP: 22/22 MP: 2/2
   182 | D:1      | Found a faded altar of an unknown god.
   531 | D:1      | Reached XP level 3. HP: 27/27 MP: 3/3
   735 | D:2      | Found Fuevvawk's Antique Weapon Shop.
   982 | D:2      | Reached XP level 4. HP: 7/34 MP: 4/4
  1190 | D:2      | You fall into a shaft and drop 2 floors!
  1191 | D:4      | Noticed a scorpion
  1202 | D:4      | Killed a scorpion
  1202 | D:4      | HP: 1/34 [poisoned by a scorpion]
  1203 | D:4      | Reached XP level 5. HP: 2/40 MP: 5/5
  1338 | D:3      | Noticed Terence
  1347 | D:3      | HP: 2/40 [kobold/+0 club (4)]
  1347 | D:3      | Mangled by Terence

Illustrated notes

Levels and vault maps discovered:
D:1:      minmay_arrival_jagged, layout_basic,
          shapermc_ecumenical_altar_mp_urbaneastern, minmay_bisected
D:2:      layout_loops_ring, serial_shops, nicolae_shop_hallway_stairs
D:3:      layout_rooms, uniq_terence, uniq_sigmund
D:4:      layout_rooms

Skill      XL: |  1  2  3  4 |
---------------+-------------+-----
Stealth        | 2 |  2.6
Dodging        | 3 |  3.0
Fighting       | |  2.9
Ranged Weapons | |  4.6

Action                   |  1- 3 |  4- 6 || total
-------------------------+-------+-------++-------
 Fire: Shortbow          |    96 |    34 ||   130
  Use: Scroll            |       |     3 ||     3
       Potion            |       |     2 ||     2
Armor: Leather armour    |    19 |     6 ||    25
Dodge: Dodged            |    42 |    14 ||    56

Table legend: (Time is in decaauts)
 A = Elapsed time spent in this place.
 B = Non-inter-level travel time spent in this place.
 C = Inter-level travel time spent in this place.
 D = Time resting spent in this place.
 E = Time spent auto-exploring this place.
 F = Levels seen in this place.
 G = Mean time per level.
                   A        B        C        D        E       F      G
               +--------+--------+--------+--------+--------+-----+--------+
         Total |   1389 |   1198 |    191 |    152 |    775 |   4 |  347.2 |
       Dungeon |   1389 |   1198 |    191 |    152 |    775 |   4 |  347.2 |
               +--------+--------+--------+--------+--------+-----+--------+

Top non-repeatable levels by time:
     D:1: 753 daAuts
     D:2: 473 daAuts
     D:4: 147 daAuts
     D:3: 14 daAuts
